 Dungeon Crawl Stone Soup version 0.30-a0-696-g2367cd04db (webtiles) character file.

Game seed: 6024059711381219516

28532 Absynth the Zephyrmancer (level 13, -2/102 HPs)
             Began as a Naga Brigand on Jan 20, 2023.
             Was the Champion of Cheibriados.
             Killed by divine providence
             ... invoked by a smoke demon
             ... summoned by an orc high priest
              (9 damage)
             ... on level 2 of the Orcish Mines.
             The game lasted 01:39:14 (17813 turns).

Absynth the Zephyrmancer (Naga Brigand)            Turns: 17813, Time: 01:39:14

Health: -2/102     AC:  9    Str: 30    XL:     13   Next: 39%
Magic:  10/37      EV: 10    Int: 31    God:    Cheibriados [******]
Gold:   1807       SH:  0    Dex: 27    Spells: 20/34 levels left

rFire   . . .      SeeInvis +    o - +8 whip "Snakebite" {venom, curare, rPois}
rCold   . . .      Faith    .    (no shield)
rNeg    + . .      Spirit   .    D - +1 robe of Cutoatept {rElec}
rPois   +          Reflect  .    H - +0 helmet
rElec   +          Harm     .    c - +0 cloak
rCorr   .          Rampage  .    q - +0 pair of gloves
Will    +....                    (no barding)
Stlth   ++++                     G - amulet of the acrobat
HPRegen 0.37/turn                S - ring of positive energy
MPRegen 0.25/turn                E - ring of magical power

@: about to teleport, very slow
A: AC +4, large, see invisible, deformed body, poison resistance, slowness 2,
spit poison 1, naga tail 2
a: Spit Poison, Renounce Religion, Bend Time, Temporal Distortion, Slouch, Step
From Time


You were on level 2 of the Orcish Mines.
You worshipped Cheibriados.
Cheibriados was exalted by your worship.
You visited 3 branches of the dungeon, and saw 14 of its levels.
You also visited: Sewer.

You collected 1851 gold pieces.
You spent 44 gold pieces at shops.

Inventory:

Hand Weapons
 o - the +8 whip "Snakebite" (weapon) {venom, curare, rPois}
   (You took it off Amaemon on level 11 of the Dungeon)

   rPois:     It protects you from poison.
 O - a +5 halberd of distortion
Armour
 c - a +0 cloak (worn)
 g - a +0 leather armour of positive energy
 q - a +0 pair of gloves (worn)
 r - a +0 kite shield
 D - the +1 robe of Cutoatept (worn) {rElec}
   (You found it on level 5 of the Dungeon)

   rElec:     It insulates you from electricity.
 H - a +0 helmet (worn)
Jewellery
 j - a +6 ring of dexterity
 y - a ring of resist corrosion
 E - a ring of magical power (right hand)
 G - an amulet of the acrobat (around neck)
 L - a ring of wizardry
 S - a ring of positive energy (left hand)
 T - a ring of protection from fire
 X - a ring of positive energy
Wands
 f - a wand of iceblast (9)
 w - a wand of digging (4)
 F - a wand of flame (37)
 W - a wand of polymorph (5)
Scrolls
 b - a scroll of brand weapon
 l - a scroll of fear {unknown}
 m - 5 scrolls of teleportation
 p - 2 scrolls of fog {unknown}
 t - a scroll of poison
 u - a scroll of acquirement {unknown}
 A - a scroll of blinking {unknown}
 C - a scroll of immolation {unknown}
 J - a scroll of vulnerability {unknown}
 M - a scroll of torment {unknown}
 N - 2 scrolls of enchant weapon {unknown}
 P - 2 scrolls of butterflies {unknown}
 Q - 2 scrolls of noise {unknown}
 V - a scroll of enchant armour {unknown}
Potions
 h - 5 potions of brilliance
 k - 2 potions of degeneration {unknown}
 z - 3 potions of mutation {unknown}
 B - a potion of magic {unknown}
 I - a potion of haste {unknown}
 K - a potion of flight {unknown}
 R - 4 potions of heal wounds {unknown}
 U - 2 potions of attraction {unknown}


   Skills:
 - Level 2.5 Fighting
 - Level 2.0 Short Blades
 - Level 2.8 Maces & Flails
 - Level 1.7 Throwing
 - Level 0.7 Dodging
 - Level 6.3 Stealth
 - Level 11.0 Spellcasting
 - Level 11.1 Conjurations
 - Level 3.0 Necromancy
 - Level 11.1 Air Magic
 - Level 6.1 Poison Magic
 + Level 9.3 Invocations


You had 20 spell levels left.
You knew the following spells:

 Your Spells              Type           Power      Damage    Failure   Level
a - Magic Dart            Conj           100%       1d8       1%          1
b - Shock                 Conj/Air       100%       1d9       1%          1
c - Mephitic Cloud        Conj/Pois/Air  66%        N/A       1%          3
d - Airstrike             Air            36%        2d(6-22)  1%          4
n - Necrotise             Necr           100%       1d9       1%          1
s - Sublimation of Blood  Necr           35%        N/A       1%          2
v - Poisonous Vapours     Pois/Air       100%       N/A       1%          2

Your spell library contained the following spells:

 Spells                   Type           Power      Damage    Failure   Level
 Cigotuvi's Dreadful Rot  Necr/Pois/Air  100%       N/A       1%          2
 Swiftness                Air            72%        N/A       1%          3
 Spider Form              Tmut/Pois      36%        N/A       2%          3
 Vampiric Draining        Necr           35%        2d8       2%          3
 Apportation              Tloc           34%        N/A       3%          1
 Beastly Appendage        Tmut           34%        N/A       3%          1
 Summon Small Mammal      Summ           68%        N/A       3%          1
 Call Imp                 Summ           17%        N/A       4%          2
 Wereblood                Tmut           17%        N/A       4%          2
 Call Canine Familiar     Summ           17%        N/A       9%          3
 Gell's Gravitas          Tloc           17%        N/A       9%          3
 Summon Guardian Golem    Hex/Summ       17%        N/A       9%          3
 Teleport Other           Tloc           17%        N/A       9%          3
 Irradiate                Conj/Tmut      25%        3d20      9%          5
 Agony                    Necr           35%        N/A       24%         5
 Alistair's Intoxication  Tmut/Pois      24%        N/A       24%         5
 Orb of Destruction       Conj           36%        9d11      26%         7
 Petrify                  Tmut/Erth      17%        N/A       28%         4
 Spellforged Servitor     Conj/Summ      25%        N/A       94%         7
 Dispersal                Tloc           8%         N/A       99%         6


Dungeon Overview and Level Annotations

Branches:
Dungeon (11/15)            Temple (1/1) D:6            Lair (0/5) D:9
    Orc (2/2) D:11            Elf (0/3) Orc:2         Sewer (visited)

Altars:
Ashenzari
Cheibriados
Dithmenos
Elyvilon
Fedhas
Gozag
Hepliaklqana
Kikubaaqudgha
Makhleb
Nemelex Xobeh
Okawaru
Qazlal
Ru
Sif Muna
Trog
Uskayaw
Vehumet
Wu Jian
Xom
Yredelemnul
Zin
The Shining One

Shops:
D:2 =   D:3 *   D:6 ?   D:11 !

Annotations:
D:3 exclusion: door
Orc:2 2 transporters, caveywoolpert's ghost, journeyman DEEE


Innate Abilities, Weirdness & Mutations

Your serpentine skin is tough. (AC +4)
You have supernaturally acute eyesight. (SInv)
Armour fits poorly on your strangely shaped body.
Your system is resistant to poisons. (rPois)
You cover ground very slowly.
You can spit poison.
You can use your snake-like lower body to constrict enemies.


Message History

You hit the hellwing but do no damage.
The hellwing looks as sick as possible!
The hellwing is almost dead.
You constrict the hellwing, but do no damage.
The ynoxinul gestures.
The hellwing hits you.
* * * LOW HITPOINT WARNING * * *
The hellwing hits you but does no damage.
You feel better.
You constrict the hellwing.
You kill the hellwing!
The hellwing disappears in a puff of smoke!
The orc sorcerer howls an incantation.
You feel disoriented. The smoke demon gestures at you.
The sticky flame misses you.
Casting: Poisonous Vapours (safe; 1% risk of failure)
Confirm with . or Enter, or press ? or * to list all spells.
Aiming: Mephitic Cloud (safe; 1% risk of failure)
Press: ? - help, Shift-Dir - straight line, f - smoke demon, p - orc sorcerer
Aim: a smoke demon (lightly wounded, summoned, not susceptible)
The ball explodes into a vile cloud!
The stinking cloud engulfs the smoke demon but does no damage.
The smoke demon is lightly wounded.
The stinking cloud engulfs the orc sorcerer but does no damage.
The orc sorcerer is heavily wounded.
You hear a shout! x2
The orc knight hits the smoke demon with a +0 war axe.
The orc sorcerer is engulfed in noxious fumes.
The orc sorcerer appears confused.
The orc sorcerer hits the rust devil with a +0 dagger.
The orc sorcerer gestures wildly while chanting.
As you read the scroll of teleportation, it crumbles to dust.
You feel strangely unstable.
The orc sorcerer is engulfed in noxious fumes.
The orc sorcerer appears confused.
The smoke demon barely misses you. The smoke demon hits you.
* * * LOW HITPOINT WARNING * * *
The smoke demon closely misses you. The smoke demon gestures at you.
Beogh smites you!
You die...

....### ....# . ...###
###### ##.
.....####.##.###..
......##......##.#
....#####....###.# .
#....#####...###.# ...
........#.....##.#####oo.o.
#......###......@3o4.3o3)..
##..>^..#[....##.#####oo...
###.......!.####.# ...
.#.....##..## #.# .
.....##....# #.#
.....#.....# #..
...####.#.## ##.
...######## . ......### #.


You could see an orc knight (confused), a rust devil (summoned), 2 smoke demons,
a ynoxinul (summoned), 2 orc sorcerers, an orc warrior and 2 orc wizards.

Vanquished Creatures
  The ghost of catramo the Thaumaturge, a journeyman DjVM of Gozag (Orc:1)
  Erolcha (D:10)
  2 centaur warriors (D:8)
  4 two-headed ogres
  2 boulder beetles
  2 orc high priests (Orc:2)
  Nergalle (D:11)
  Amaemon (D:11)
  Lodul (D:10)
  5 orc knights
  5 orc sorcerers (Orc:2)
  A cyclops (D:9)
  Maurice (D:10)
  A gargoyle (D:10)
  An orange demon (D:11)
  2 kobold demonologists (D:9)
  An unseen horror (D:11)
  A yaktaur (D:8)
  4 trolls
  A hornet (D:8)
  Prince Ribbit (D:5)
  3 shadows
  10 yaks
  2 wraiths
  4 steam dragons
  Grum (D:10)
  A vampire mosquito (D:8)
  A warg (Orc:2)
  2 acid dragons
  3 water moccasins
  Pargi (Sewer)
  20 orc warriors
  A sky beast (D:7)
  A black bear (D:8)
  3 ice beasts
  14 ogres
  8 centaurs
  4 wolves (D:10)
  A phantom (D:8)
  9 bullfrogs
  7 kobold brigands
  4 scorpions
  2 necrophages
  7 wights
  5 killer bees
  4 howler monkeys
  4 crimson imps (D:11)
  3 hounds
  18 orc priests
  4 gnoll boudas
  A jelly (D:6)
  15 orc wizards
  22 gnolls
  6 adders
  4 white imps
  3 ufetubi
  A dart slug (D:3)
  68 orcs
  10 ball pythons
  9 endoplasms
  4 giant cockroaches
  3 goblins
  6 hobgoblins
  4 quokkas
  18 bats
  3 frilled lizards
  19 kobolds
  4 rats
386 creatures vanquished.

Vanquished Creatures (others)
  16 fungi (D:9)
  27 plants
43 creatures vanquished.

Grand Total: 429 creatures vanquished

Notes
Turn   | Place    | Note
-------+----------+-------------------------------------------
     0 | D:1      | Absynth the Naga Brigand began the quest for the Orb.
     0 | D:1      | Reached XP level 1. HP: 19/19 MP: 1/1
    47 | D:1      | Reached XP level 2. HP: 24/26 MP: 2/2
   392 | D:1      | Reached skill level 1 in Spellcasting
   914 | D:1      | Reached XP level 3. HP: 33/33 MP: 4/4
   971 | D:2      | Found a faded altar of an unknown god.
  1113 | D:2      | Learned a level 1 spell: Necrotise
  1198 | D:2      | Found Icelo's Jewellery Shop.
  1415 | D:3      | Reached skill level 1 in Necromancy
  1489 | D:3      | Reached XP level 4. HP: 28/40 MP: 0/6
  1574 | D:3      | Found a basalt altar of Yredelemnul.
  1583 | D:3      | Found a snail-covered altar of Cheibriados.
  1644 | D:3      | Became a worshipper of Cheibriados the Contemplative
  1821 | D:3      | Learned a level 1 spell: Magic Dart
  1866 | D:3      | Reached skill level 1 in Poison Magic
  1925 | D:3      | Found Neqefuqa's Assorted Antiques.
  2461 | D:3      | Found a hazy altar of Hepliaklqana.
  2462 | D:3      | Found a faded altar of an unknown god.
  2639 | D:3      | Found an ornate altar of the Wu Jian Council.
  2641 | D:3      | Found a sparkling altar of Nemelex Xobeh.
  2682 | D:3      | Found a shimmering blue altar of Sif Muna.
  2704 | D:3      | Reached * piety under Cheibriados
  2724 | D:3      | Found an opulent altar of Gozag.
  2786 | D:4      | Noticed an ogre
  2921 | D:3      | HP: 2/40 [orc priest/+0 hand axe (5)]
  2924 | D:3      | Reached skill level 1 in Conjurations
  2924 | D:3      | Reached skill level 1 in Air Magic
  2924 | D:3      | Reached XP level 5. HP: 3/46 MP: 1/8
  3087 | D:3      | Learned a level 2 spell: Poisonous Vapours
  3326 | D:4      | Found an ancient bone altar of Kikubaaqudgha.
  3986 | D:4      | Reached XP level 6. HP: 35/55 MP: 2/9
  4238 | D:4      | Reached ** piety under Cheibriados
  4584 | D:5      | Entered Level 5 of the Dungeon
  4595 | D:5      | Noticed Prince Ribbit
  4769 | D:4      | Learned a level 3 spell: Mephitic Cloud
  4820 | D:5      | Identified the +1 robe of Cutoatept {rElec}
  4831 | D:5      | Found a sacrificial altar of Ru.
  5004 | D:5      | Reached XP level 7. HP: 48/61 MP: 2/10
  5415 | D:5      | Found a radiant altar of Vehumet.
  5461 | D:5      | Killed Prince Ribbit
  5462 | D:5      | Reached skill level 5 in Poison Magic
  5655 | D:5      | Learned a level 1 spell: Shock
  5964 | D:5      | Reached XP level 8. HP: 42/68 MP: 11/11
  6256 | D:6      | Found a glowing drain.
  6263 | D:6      | Reached *** piety under Cheibriados
  6269 | Sewer    | Entered a sewer
  6357 | Sewer    | Noticed Pargi
  6472 | Sewer    | Killed Pargi
  6612 | D:6      | Reached skill level 5 in Air Magic
  6634 | D:6      | Found Ikikk's Magic Scroll Emporium.
  6685 | D:6      | Found a stormy altar of Qazlal.
  6725 | D:6      | Reached **** piety under Cheibriados
  6726 | D:6      | Reached skill level 5 in Conjurations
  7181 | D:6      | Learned a level 2 spell: Sublimation of Blood
  7317 | D:6      | Found a staircase to the Ecumenical Temple.
  7322 | Temple   | Entered the Ecumenical Temple
  7615 | D:6      | Bought a scroll of poison for 44 gold pieces
  7942 | D:7      | Reached XP level 9. HP: 74/74 MP: 13/13
  8798 | D:8      | Noticed a hornet
  8798 | D:8      | Reached ***** piety under Cheibriados
  8799 | D:8      | Reached skill level 5 in Spellcasting
  8806 | D:8      | Killed a hornet
  9047 | D:7      | Reached XP level 10. HP: 75/81 MP: 14/19
  9134 | D:8      | Noticed a boulder beetle
  9146 | D:8      | Killed a boulder beetle
 10056 | D:8      | Learned a level 4 spell: Airstrike
 10340 | D:8      | Noticed a centaur warrior
 10340 | D:8      | Noticed a centaur warrior
 10353 | D:8      | Killed a centaur warrior
 10354 | D:8      | Reached skill level 10 in Air Magic
 10357 | D:8      | Killed a centaur warrior
 10358 | D:8      | Reached XP level 11. HP: 44/87 MP: 15/23
 10376 | D:8      | HP: 3/87 [vampire mosquito (9)]
 10410 | D:8      | Noticed an orc knight
 10748 | D:8      | Found a shadowy altar of Dithmenos.
 10819 | D:8      | Killed an orc knight
 11037 | D:9      | Noticed a two-headed ogre
 11047 | D:9      | Killed a two-headed ogre
 11085 | D:9      | Reached ****** piety under Cheibriados
 11288 | D:9      | Found a staircase to the Lair.
 11299 | D:9      | Found a white marble altar of Elyvilon.
 11973 | D:9      | Noticed a cyclops
 11984 | D:9      | Killed a cyclops
 12187 | D:9      | Found a glowing silver altar of Zin.
 12225 | D:10     | Entered Level 10 of the Dungeon
 12298 | D:10     | Noticed Lodul
 12309 | D:10     | Killed Lodul
 12310 | D:10     | Reached skill level 10 in Spellcasting
 12576 | D:10     | Reached skill level 10 in Conjurations
 12867 | D:10     | Noticed Grum
 12875 | D:10     | Killed Grum
 12876 | D:10     | Reached XP level 12. HP: 96/96 MP: 26/26
 13431 | D:10     | Noticed Maurice
 13437 | D:10     | Killed Maurice
 13738 | D:10     | Found the +2 hat of the Bear Spirit {Spirit, Bear, *Rage
                  | Will++}
 13750 | D:10     | Found a hide-covered altar of Uskayaw.
 13825 | D:11     | Noticed Erolcha
 13835 | D:10     | Killed Erolcha
 13987 | D:11     | Noticed a two-headed ogre
 13996 | D:11     | Killed a two-headed ogre
 13999 | D:11     | Noticed a two-headed ogre
 14187 | D:11     | Noticed Amaemon
 14194 | D:11     | Killed Amaemon
 14421 | D:11     | Reached skill level 1 in Maces & Flails
 14493 | D:11     | Found a staircase to the Orcish Mines.
 14516 | D:11     | Found Doskuf's Distillery.
 14812 | D:11     | Killed a two-headed ogre
 14822 | D:11     | Noticed a boulder beetle
 14896 | D:11     | Noticed Nergalle
 14909 | D:11     | Killed Nergalle
 15008 | D:11     | Killed a boulder beetle
 15104 | D:11     | Found a shimmering altar of Xom.
 15157 | D:11     | Noticed a two-headed ogre
 15166 | D:11     | Killed a two-headed ogre
 15371 | Orc:1    | Entered Level 1 of the Orcish Mines
 15576 | Orc:2    | Entered Level 2 of the Orcish Mines
 15576 | Orc:2    | Found a transporter.
 15585 | Orc:2    | Noticed a sun demon
 15590 | Orc:1    | Reached skill level 1 in Invocations
 15717 | Orc:2    | Paralysed by an orc sorcerer for 5 turns
 15731 | Orc:2    | Noticed caveywoolpert's ghost (journeyman DEEE)
 15735 | Orc:2    | Noticed a two-headed ogre
 15870 | Orc:2    | Identified the ring of the Terrible God {rElec Will- Str+3
                  | Int+6 Dex+7}
 15890 | Orc:2    | Found a transporter.
 15892 | Orc:2    | Noticed a two-headed ogre
 15896 | Orc:1    | Found a radiant altar of Vehumet.
 16317 | Orc:1    | Found a large runed translucent door.
 16317 | Orc:1    | Found a large runed translucent door.
 16318 | Orc:1    | Noticed catramo's ghost (journeyman DjVM)
 16346 | Orc:1    | Killed catramo's ghost
 16347 | Orc:1    | Reached skill level 5 in Invocations
 16347 | Orc:1    | Gained mutation: You can use your snake-like lower body to
                  | constrict enemies. [Naga growth]
 16347 | Orc:1    | Reached XP level 13. HP: 64/102 MP: 7/28
 16809 | Orc:2    | Found a staircase to the Elven Halls.
 16930 | Orc:2    | Found a bloodstained altar of Trog.
 17810 | Orc:2    | HP: 3/102 [hellwing[an orc high priest] (3)]
 17813 | Orc:2    | Killed from afar by a smoke demon

Illustrated notes

Levels and vault maps discovered:
D:1:      tarquinn_simple_flora_water_e, layout_basic
D:2:      layout_rooms, chequers_ecumenical_altar_simple, serial_shops, shop,
          minmay_statues_item, nicolae_titane
D:3:      layout_loops_ring, nicolae_overflow_hidden_temple, led_sif_book,
          nicolae_gozag_seed_capital, beargit_hepliaklqana_dungeon_heroes,
          mainiacjoe_overflow_catch_the_wave, serial_shops, nicolae_square_shop,
          serial_bayou_lake_a
D:4:      layout_basic, mainiacjoe_overflow_concentric_impassable,
          nrook_loot_triangle, hangedman_decor_opposing
D:5:      layout_loops_ring, vehumet_altar_wand_db,
          mainiacjoe_overflow_small_starburst, uniq_prince_ribbit1
D:6:      layout_basic, amcnicky_altar_gilded, minmay_temple_entry_nine_rooms,
          serial_shops, kennysheep_mini_moat, cheibrodos_sewer_entry_sluice,
          nicolae_ossuary_entry_monument
D:7:      layout_rooms
D:8:      nzn_winding_woodlands_stair_cross [nzn_winding_woodlands_5x15_eye,
          nzn_winding_woodlands_center_lodge, nzn_winding_woodlands_5x15_parted,
          nzn_winding_woodlands_5x5_checkerboard,
          nzn_winding_woodlands_5x5_open_star,
          nzn_winding_woodlands_5x15_split_checker,
          nzn_winding_woodlands_center_pierced_h,
          nzn_winding_woodlands_5x15_pathside_ponds], layout_rooms,
          grunt_dithmenos_shadows, ebering_ghost_inner_flame, enter_bailey_2
D:9:      layout_roguey, elyvilon_altar_5, lemuel_coloured_pillars_altar,
          grunt_lair_entry_orc_guard_hut, small_chamber_with_monster
D:10:     layout_basic, lemuel_doored_altar, uniq_maurice, uniq_grum, uniq_lodul
D:11:     layout_rooms, serial_shops, nicolae_take_the_stairs, led_xom_imps,
          uniq_amaemon, uniq_nergalle, uniq_erolcha
Temple:   nicolae_temple_bog_church
Orc:1:    layout_caves, ebering_ghost_disaster_area, basic_altar
Orc:2:    st_orc_elflike, layout_diamond_mine, gammafunk_ghost_wrathful_warriors

Skill      XL: |  1  2  3  4  5  6  7  8  9 10 11 12 13 |
---------------+----------------------------------------+-----
Stealth        | 6 |  6.3
Spellcasting   | 1 2 3 6 8 10 11 | 11.0
Necromancy     | 1 2 3 |  3.0
Poison Magic   | 1 2 3 5 6 |  6.1
Conjurations   | 1 3 5 7 10 11 | 11.1
Air Magic      | 1 3 4 5 8 10 11 | 11.1
Maces & Flails | 2 |  2.8
Invocations    | 5 9 |  9.3
Fighting       | |  2.5
Short Blades   | |  2.0
Throwing       | |  1.7
Dodging        | |  0.7

Action                   |  1- 3 |  4- 6 |  7- 9 | 10-12 | 13-15 || total
-------------------------+-------+-------+-------+-------+-------++-------
Melee: Dagger            |   105 |    41 |       |       |       ||   146
       Flail             |       |    38 |    84 |    86 |       ||   208
       Punch             |       |     1 |     2 |     5 |       ||     8
       Whip              |       |       |       |    67 |    56 ||   123
       Constrict         |       |       |       |       |    22 ||    22
 Cast: Necrotise         |     5 |    19 |       |     4 |       ||    28
       Magic Dart        |       |    60 |     6 |       |       ||    66
       Poisonous Vapours |       |    42 |    71 |   136 |    13 ||   262
       Mephitic Cloud    |       |     2 |     7 |    73 |     9 ||    91
       Shock             |       |       |   119 |   216 |    41 ||   376
       Airstrike         |       |       |       |    73 |     5 ||    78
Invok: Bend Time         |       |       |       |       |     1 ||     1
Evoke: Wand              |       |       |     4 |       |       ||     4
  Use: Scroll            |       |       |     7 |     1 |     2 ||    10
       Potion            |       |       |       |     1 |     2 ||     3
 Stab: Sleeping          |    12 |     1 |       |       |       ||    13
       Confused          |       |       |     5 |    26 |     4 ||    35
Armor: Robe              |     6 |     7 |    78 |   128 |    23 ||   242
       Leather armour    |    55 |    51 |       |       |       ||   106
Dodge: Dodged            |    74 |    93 |    96 |   214 |    36 ||   513

Table legend: (Time is in decaauts)
 A = Elapsed time spent in this place.
 B = Non-inter-level travel time spent in this place.
 C = Inter-level travel time spent in this place.
 D = Time resting spent in this place.
 E = Time spent auto-exploring this place.
 F = Levels seen in this place.
 G = Mean time per level.
                   A        B        C        D        E       F      G
               +--------+--------+--------+--------+--------+-----+--------+
         Total |  27863 |  26665 |   1198 |   6841 |  14257 |  15 | 1857.5 |
       Dungeon |  23129 |  22052 |   1077 |   5382 |  12545 |  11 | 2102.6 |
        Temple |    401 |    401 |      0 |      0 |    383 |   1 |  401.0 |
  Orcish Mines |   3952 |   3832 |    120 |   1237 |   1229 |   2 | 1976.0 |
         Sewer |    379 |    379 |      0 |    222 |     98 |   1 |  379.0 |
               +--------+--------+--------+--------+--------+-----+--------+

Top non-repeatable levels by time:
    D:10: 3037 daAuts
     D:3: 2461 daAuts
     D:7: 2361 daAuts
     D:4: 2347 daAuts
     D:9: 2287 daAuts
     D:8: 2280 daAuts
    D:11: 2253 daAuts
     D:6: 2177 daAuts
     D:5: 2102 daAuts
   Orc:1: 2074 daAuts
   Orc:2: 1877 daAuts
     D:1: 1126 daAuts
     D:2: 696 daAuts
  Temple: 401 daAuts
   Sewer: 379 daAuts
